 Dungeon Crawl Stone Soup version 0.32-a0-7-ge934b4519a (webtiles) character file.

Game seed: 16177478257126924937

280 miscthings the Changeling (level 6, -4/52 (55) HPs)
             Began as an Oni Shapeshifter on Jan 14, 2024.
             Slain by a wight
             ... wielding a +8 flail of freezing
              (22 damage)
             ... on level 4 of the Dungeon.
             The game lasted 00:03:08 (2271 turns).

miscthings the Changeling (Oni Shapeshifter)        Turns: 2271, Time: 00:03:08

HP:   -4/52 (55)    AC:  3    Str: 19    XL:     6   Next: 27%
MP:   6/6           EV:  9    Int: 11    God:
Gold: 136           SH:  0    Dex: 10    Spells: 5/5 levels left

rFire   . . .        n - +2 dagger (elec)
rCold   . . .        (no shield)
rNeg    . . .        a - +0 animal skin
rPois   .            (helmet currently unavailable)
rElec   .            (cloak currently unavailable)
rCorr   .            (gloves unavailable)
SInv    .            (boots unavailable)
Will    .....        (no amulet)
Stlth   +            (no ring)
HPRegen 0.28/turn    (no ring)
MPRegen 0.10/turn

%: no passive effects
@: beast-form, drained
A: beast (slay +3), large, unfitting armour, horns 1, tough skin 1, double
potion healing, drunken brawling
a: Begin Untransformation


You were on level 4 of the Dungeon.
You were a hulking beast.
You visited 1 branch of the dungeon, and saw 4 of its levels.

You collected 136 gold pieces.

Inventory:

Hand Weapons
 n - a +2 dagger of electrocution (weapon)
Missiles
 j - a throwing net
 m - 2 large rocks (quivered)
Armour
 a - a +0 animal skin (worn)
Talismans
 c - a beast talisman
 d - a flux talisman
Wands
 r - a wand of paralysis (13)
Scrolls
 f - 2 scrolls of identify {unknown}
 h - a scroll of noise {unknown}
 i - a scroll of torment {unknown}
 k - 3 scrolls of fear {unknown}
 l - a scroll of fog {unknown}
 o - a scroll of blinking {unknown}
 p - a scroll of poison {unknown}
Potions
 b - a potion of lignification
 e - 3 potions of curing
 g - a potion of might {unknown}
 q - a potion of heal wounds {unknown}


   Skills:
 - Level 1.3 Fighting
 - Level 1.7 Dodging
 - Level 2.6 Unarmed Combat
 + Level 6.4 Shapeshifting


You had 5 spell levels left.
You didn't know any spells.
Your spell library was empty.

Dungeon Overview and Level Annotations

Branches:
Dungeon (4/15)
 Temple: D:4-7

Altars:
Fedhas
Gozag
Qazlal

Shops:
D:1 [


Innate Abilities, Weirdness & Mutations

You are a hulking beast.
Your limbs bulge with bestial killing power. (Slay +3)
You are too large for most types of armour.
You have a pair of small horns on your head.
You have tough skin. (AC +1)
You gain doubled healing and magic from potions.
Whenever you drink a healing potion, you attack all around you.


Message History

As you open the door, it creaks loudly!
There is an open door here.
Done exploring.
There is a stone staircase leading up here.
There is an open door here.
There is a stone staircase leading down here.
You climb downwards.
Found a yellow potion.
There is a stone staircase leading up here.
q - a yellow potion A ball python comes into view.
A ball python is nearby!
You puncture the ball python!
Lightning courses through the ball python!
You kill the ball python!
A wight comes into view. It is wielding a +8 flail of freezing.
A wight is nearby!
Throw: 3 large rocks
Press: ? - help, Q - select action, (/) - cycle Shift-Dir - straight line, f - wight
Aim: a wight, wielding a +8 flail of freezing and wearing a +0 robe (57% to hit)
You throw a large rock. The large rock barely misses the wight.
A wight comes into view. It is wielding a +0 mace.
The wight hits you with a +8 flail of freezing!
You feel drained. The wight freezes you.
You completely miss the wight.
The wight hits you with a +8 flail of freezing!
The wight freezes you.
You barely miss the wight.
The wight hits you with a +8 flail of freezing!
* * * LOW HITPOINT WARNING * * *
You feel drained.
* * * LOW HITPOINT WARNING * * *
The wight freezes you.
* * * LOW HITPOINT WARNING * * *
You take a swig of the potion and twirl your +2 dagger of electrocution.
You hit the wight. You punch the wight.
The wight is heavily damaged.
You savour every drop.
You feel better.
The wight hits you with a +8 flail of freezing!!
You die...

## #######...
#.........
#.<.......
#.........
#.........
##.########.........
#...................
##...h............
#.#z......#######
....####..# ....##
##.... ..#(. ###. .
## .


You could see a wight.

Vanquished Creatures
  A water moccasin (D:3)
  Ijyb (D:2)
  Jessica (D:3)
  An orc wizard (D:3)
  3 adders (D:2)
  A ribbon worm (D:2)
  5 orcs (D:3)
  8 ball pythons
  3 bats
  3 endoplasms
  2 giant cockroaches (D:2)
  9 goblins
  6 hobgoblins
  4 quokkas
  3 frilled lizards
  4 kobolds
  7 rats
62 creatures vanquished.

Notes
Turn   | Place    | Note
-------+----------+-------------------------------------------
     0 | D:1      | miscthings the Oni Shapeshifter began the quest for the
                  | Orb.
     0 | D:1      | Reached XP level 1. HP: 19/19 MP: 1/1
   104 | D:1      | Reached XP level 2. HP: 27/27 MP: 2/2
   227 | D:1      | Found Bukkowyk's Armour Emporium.
   530 | D:2      | Reached XP level 3. HP: 33/33 MP: 3/3
   552 | D:2      | Reached skill level 4 in Shapeshifting
   876 | D:2      | Noticed Ijyb
   891 | D:2      | Paralysed by Ijyb for 2 turns
   895 | D:2      | Killed Ijyb
   896 | D:2      | Reached XP level 4. HP: 5/41 MP: 4/4
   896 | D:2      | HP: 2/41 [ball python (3)]
  1227 | D:2      | Reached skill level 5 in Shapeshifting
  1343 | D:3      | Found an opulent altar of Gozag.
  1343 | D:3      | Found an opulent altar of Gozag.
  1344 | D:3      | Found an opulent altar of Gozag.
  1357 | D:3      | Found an opulent altar of Gozag.
  1443 | D:3      | Noticed a water moccasin
  1449 | D:3      | Killed a water moccasin
  1450 | D:3      | Reached XP level 5. HP: 10/48 MP: 5/5
  1739 | D:3      | Reached skill level 6 in Shapeshifting
  1749 | D:3      | Noticed Jessica
  1750 | D:3      | Killed Jessica
  1751 | D:3      | Reached XP level 6. HP: 55/55 MP: 6/6
  1878 | D:3      | Found a blossoming altar of Fedhas.
  1888 | D:3      | Found a stormy altar of Qazlal.
  2271 | D:4      | Slain by a wight

Illustrated notes

Levels and vault maps discovered:
D:1:      onia_arrival_pyramid, layout_rooms, serial_shops, shop,
          minmay_tetromino_l2
D:2:      kennysheep_the_goblin_king, layout_loops_corners
D:3:      layout_loops_corners, grunt_temple_overflow_forces_of_nature,
          nicolae_gozag_conspicuous_consumption, uniq_jessica
D:4:      layout_rooms, corexii_checkpoint

Skill      XL: |  1  2  3  4  5 |
---------------+----------------+-----
Shapeshifting  | 4 5 6 |  6.4
Fighting       | |  1.3
Dodging        | |  1.7
Unarmed Combat | |  2.6

Action                     |  1- 3 |  4- 6 || total
---------------------------+-------+-------++-------
  Melee: Unarmed           |    73 |    52 ||   125
         Headbutt          |     5 |     8 ||    13
         Punch             |     1 |     4 ||     5
         Dagger            |       |    16 ||    16
  Throw: Large rock        |     3 |     4 ||     7
    Use: Potion            |       |     2 ||     2
 Armour: Animal skin       |    47 |    44 ||    91
  Dodge: Dodged            |    28 |    17 ||    45

Table legend: (Time is in decaauts)
 A = Elapsed time spent in this place.
 B = Non-inter-level travel time spent in this place.
 C = Inter-level travel time spent in this place.
 D = Time resting spent in this place.
 E = Time spent auto-exploring this place.
 F = Levels seen in this place.
 G = Mean time per level.
                   A        B        C        D        E       F      G
               +--------+--------+--------+--------+--------+-----+--------+
         Total |   2270 |   2213 |     57 |    243 |   1563 |   4 |  567.5 |
       Dungeon |   2270 |   2213 |     57 |    243 |   1563 |   4 |  567.5 |
               +--------+--------+--------+--------+--------+-----+--------+

Top non-repeatable levels by time:
     D:2: 978 daAuts
     D:3: 915 daAuts
     D:1: 362 daAuts
     D:4: 13 daAuts
